 Dungeon Crawl Stone Soup version 0.20.1-1-g8b1a95d66d (webtiles) character file.

44 Danqa the Shooter (level 3, 0/28 HPs)
             Began as a Centaur Arcane Marksman on Nov 26, 2017.
             Slain by a gnoll (6 damage)
             ... on level 1 of the Dungeon.
             The game lasted 00:05:01 (1304 turns).

Danqa the Shooter (Centaur Arcane Marksman)         Turns: 1304, Time: 00:05:01

Health: 0/28       AC:  7    Str: 12    XL:     3   Next: 41%
Magic:  4/4        EV: 10    Int: 12    God:
Gold:   116        SH:  0    Dex: 10    Spells: 3/4 levels left

rFire    . . .     SeeInvis .   d - +0 dagger
rCold    . . .     Gourm    .   (no shield)
rNeg     . . .     Faith    .   e - +0 robe
rPois    .         Spirit   .   b - +2 helmet
rElec    .         Reflect  .   (no cloak)
rCorr    .         Harm     .   (no gloves)
MR       .....                  (no barding)
Stlth    +.........             (no amulet)
Regen    0.1/turn               (no ring)
MPRegen  0.1/turn               (no ring)

@: very quick
A: hooves 3, deformed body, speed 2, tough skin 3
a: no special abilities


You were on level 1 of the Dungeon.
You were not hungry.

You visited 1 branch of the dungeon, and saw 2 of its levels.

You collected 116 gold pieces.

Inventory:

Hand Weapons
 a - a +0 shortbow
 d - a +0 dagger (weapon)
Armour
 b - a +2 helmet (worn)
 e - a +0 robe (worn)
Scrolls
 g - 2 scrolls of teleportation {unknown}
 i - 2 scrolls of identify {unknown}
 o - a scroll of remove curse {unknown}
 r - a scroll of noise {unknown}
Potions
 h - a potion of magic {unknown}
 j - a potion of brilliance {unknown}
 m - 2 potions of curing {unknown}
 n - a potion of degeneration {unknown}
Books
 c - a book of Debilitation

   Spells                             Type                      Level
   a - Corona                         Hexes                        1
   b - Slow                           Hexes                        2
   c - Inner Flame                    Hexes/Fire                   3
   d - Portal Projectile              Hexes/Translocation          3
   e - Cause Fear                     Hexes                        4
   f - Leda's Liquefaction            Hexes/Earth                  4
Comestibles
 f - 2 bread rations
 l - a meat ration
 p - 3 fruits


   Skills:
 + Level 1.0 Fighting
 + Level 4.0 Bows
 + Level 1.4 Dodging
 + Level 0.1 Stealth
 + Level 1.0 Spellcasting
 + Level 3.3 Hexes


You had 3 spell levels left.
You knew the following spells:

 Your Spells              Type           Power        Failure   Level  Hunger
a - Corona                Hex            #......      8%          1    ##.....


Dungeon Overview and Level Annotations

Branches:
Dungeon (2/15)

Altars:


Innate Abilities, Weirdness & Mutations

You have hooves in place of feet.
Armour fits poorly on your strangely shaped body.
You cover ground very quickly.
You have extremely tough skin. (AC +3)


Message History

There is a stone staircase leading down here.
The gnoll hits you!
You closely miss the gnoll. The gnoll hits you.
You hit the gnoll.
The gnoll is moderately wounded.
The gnoll hits you.
* * * LOW HITPOINT WARNING * * *
You hit the gnoll.
The gnoll is heavily wounded.
The gnoll closely misses you.
You barely miss the gnoll.
The gnoll is heavily wounded.
The gnoll hits you but does no damage.
You barely miss the gnoll. You kick the gnoll.
The gnoll is severely wounded.
The gnoll closely misses you.
You closely miss the gnoll.
The gnoll is severely wounded.
The gnoll hits you.
You die...

#......# #......##.....#
####......#####......##.....#
..............'......'..^...#
..........#####......##.....#
####......#......#....#.....#
#......#......#.##.#.....# #
###..###......#(##.#.#####
#######.###......#.##.#.#
........(..†....@>.##.#.#
########.##.....g..##.#.#########
# #..#........##.#.........# #
##†#........##.#########.# #
#######..##.###..##.# #.# #
#........##.# #..##.# #.#
#........##.# #..##.# #.#
#........##.# #..##.# #.#
########.##.# #..##.# #.#


You could see a gnoll.

Vanquished Creatures
  An adder (D:1)
  3 dart slugs (D:1)
  A leopard gecko (D:1)
  3 bats (D:1)
  3 giant cockroaches
  5 hobgoblins (D:1)
  3 kobolds (D:1)
  A frilled lizard (D:1)
  4 goblins (D:1)
  2 rats (D:1)
26 creatures vanquished.

Notes
Turn   | Place    | Note
-------+----------+-------------------------------------------
     0 | D:1      | Danqa the Centaur Arcane Marksman began the quest for the Orb.
     0 | D:1      | Reached XP level 1. HP: 16/16 MP: 2/2
     2 | D:1      | Noticed a naga
     2 | D:1      | Noticed an octopode
     4 | D:1      | Noticed a felid
     6 | D:1      | Noticed a minotaur
     6 | D:1      | Noticed a centaur
     8 | D:1      | Noticed a human
     8 | D:1      | Noticed a demonspawn
    10 | D:1      | Noticed a gargoyle
    10 | D:1      | Noticed a vine stalker
    12 | D:1      | Noticed a tengu
    14 | D:1      | Noticed a vampire
    14 | D:1      | Noticed a merfolk
    16 | D:1      | Noticed a ghoul
    18 | D:1      | Noticed an elf
    18 | D:1      | Noticed a halfling
    20 | D:1      | Noticed a troll
    20 | D:1      | Noticed a demigod
    22 | D:1      | Noticed an ogre
    22 | D:1      | Noticed a formicid
    24 | D:1      | Noticed a draconian
    24 | D:1      | Noticed a spriggan
    26 | D:1      | Noticed a dwarf
   183 | D:1      | Reached XP level 2. HP: 23/23 MP: 3/3
   305 | D:1      | Reached skill level 3 in Bows
   996 | D:1      | Reached XP level 3. HP: 21/28 MP: 4/4
  1282 | D:1      | Reached skill level 4 in Bows
  1304 | D:1      | Slain by a gnoll

Skill      XL: |  1  2  3 |
---------------+----------+-----
Hexes          | 3 |  3.3
Bows           | 3 4 |  4.0
Fighting       | |  1.0
Dodging        | |  1.4
Stealth        | |  0.1
Spellcasting   | |  1.0

Action                   || total
-------------------------++-------
Melee: Dagger            ||     8
       Kick              ||     2
       Shortbow          ||     1
 Fire: Shortbow          ||    96
Throw: Throwing net      ||     1
Armor: Robe              ||    31
Dodge: Dodged            ||    46
